 Dungeon Crawl Stone Soup version 0.22-a0-283-g1871b15 (webtiles) character file.

268 mhoghedin the Gusty (level 6, -7/32 HPs)
             Began as a Tengu Air Elementalist on Mar 19, 2018.
             Mangled by Duvessa
             ... wielding a +2 short sword of protection
              (16 damage)
             ... on level 4 of the Dungeon.
             The game lasted 00:10:17 (3678 turns).

mhoghedin the Gusty (Tengu Air Elementalist)        Turns: 3678, Time: 00:10:17

Health: -7/32      AC:  3    Str:  8    XL:     6   Next: 21%
Magic:  11/12      EV: 18    Int: 17    God:
Gold:   130        SH:  0    Dex: 20    Spells: 2/12 levels left

rFire    . . .     SeeInvis .   g - +3 mace (venom)
rCold    . . .     Gourm    .   (no shield)
rNeg     . . .     Faith    .   a - +0 robe
rPois    .         Spirit   .   (helmet restricted)
rElec    .         Reflect  .   c - +0 cloak
rCorr    .         Harm     .   (no gloves)
MR       .....                  (boots unavailable)
Stlth    +++.......             (no amulet)
HPRegen  0.10/turn              (no ring)
MPRegen  0.13/turn              (no ring)

@: agile, swift (expiring), quick
A: beak, talons 3, able to fly 1
a: Fly


You were on level 4 of the Dungeon.
You were not hungry.

You visited 1 branch of the dungeon, and saw 4 of its levels.

You collected 130 gold pieces.

Inventory:

Hand Weapons
 g - a +3 mace of venom (weapon)
   (You found it on level 2 of the Dungeon)
Armour
 a - a +0 robe (worn)
 c - a +0 cloak (worn)
   (You found it on level 2 of the Dungeon)
Scrolls
 e - a scroll of identify
 f - a scroll of enchant armour
 h - 3 scrolls of teleportation
 k - a scroll of blinking {unknown}
 l - 3 scrolls of remove curse
 m - a scroll of magic mapping {unknown}
Potions
 j - 2 potions of curing
Comestibles
 b - 3 rations


   Skills:
 - Level 2.1 Dodging
 - Level 2.0 Stealth
 + Level 3.7 Spellcasting
 + Level 4.6 Conjurations
 + Level 6.0 Air Magic


You had 2 spell levels left.
You knew the following spells:

 Your Spells              Type           Power        Failure   Level  Hunger
a - Shock                 Conj/Air       ###.         1%          1    None
b - Static Discharge      Conj/Air       ###.....     5%          3    ###....
c - Airstrike             Air            ###.......   13%         4    ####...
s - Swiftness             Chrm/Air       ##......     7%          2    ##.....


Dungeon Overview and Level Annotations

Branches:
Dungeon (4/15)
 Temple: D:4-7

Altars:

Annotations:
D:4 Duvessa


Innate Abilities, Weirdness & Mutations

You have a beak for a mouth.
You have claws for feet.
You can fly.


Message History

There is a stone staircase leading down here.
You climb downwards.
There is a stone staircase leading up here.
A centaur skeleton comes into view.
A centaur skeleton is nearby!
You thump the centaur skeleton!
The centaur skeleton hits you but does no damage.
The centaur skeleton closely misses you.
You sock the centaur skeleton! The centaur skeleton hits you!
The centaur skeleton barely misses you.
You take 8 damage, and have 20/28 hp.
MASSIVE DAMAGE!!
The zap hits the centaur skeleton. x2; The centaur skeleton barely misses you.
The centaur skeleton completely misses you.
You now have 10/11 mp.
The zap hits the centaur skeleton. x2
You destroy the centaur skeleton!
You now have 9/11 mp.
You start resting.
Health restored: 28; MP restored: 11
Okay, then.
Unknown command.
Dowan, Brother of Duvessa comes into view.
He is wielding a dagger.
Found a stone staircase leading down.
What are your orders? t - Shout!
Orders for allies: a - Attack new target. r - Retreat! s - Stop attacking. g - Guard the area. f - Follow me.
Anything else - Cancel.
You shout for attention!
Dowan shouts!
You hear a shout!
Dowan drinks a potion.
Dowan suddenly seems more agile.
Dowan casts a spell at you. The puff of flame hits you!
You take 12 damage, and have 16/28 hp.
MASSIVE DAMAGE!!
The zap misses Dowan.
The zap hits Dowan.
You now have 10/11 mp.
The zap hits Dowan. x2
You now have 9/11 mp.
The zap hits Dowan. x2; Dowan hits you with a dagger.
You take 1 damage, and have 15/28 hp.
You now have 8/11 mp.
The zap misses Dowan.
The zap hits Dowan.
Dowan hits you with a dagger.
You take 4 damage, and have 11/28 hp.
You now have 7/11 mp.
The zap misses Dowan.
The zap hits Dowan.
Dowan barely misses you.
You now have 6/11 mp.
The zap hits Dowan.
You kill Dowan!
You hear a distant scream of rage.
Your Air Magic skill increases to level 6!
You have reached level 6!
Your experience leads to an increase in your attributes!
Increase (S)trength, (I)ntelligence, or (D)exterity?
You feel clever.
You regained 2 hp, and now have 13/32 hp.
You now have 5/12 mp.
Things that are here:
a dagger; a robe; the elf corpse of Dowan You butcher the elf corpse of Dowan.
d - 2 chunks of flesh {@w0}
Things that are here:
a dagger; a robe You start resting.
Health restored: 32; MP restored: 12
Things that are here:
a dagger; a robe A leopard gecko skeleton comes into view.
There is a stone staircase leading down here.
You barely miss the leopard gecko skeleton.
You claw the leopard gecko skeleton. The leopard gecko skeleton bites you.
You take 2 damage, and have 30/32 hp.
You completely miss the leopard gecko skeleton.
You destroy the leopard gecko skeleton!
All of the chunks of flesh in your inventory have rotted away.
Duvessa, Sister of Dowan comes into view.
She is wielding a short sword of protection.
Duvessa goes berserk!
Duvessa rages.
Health restored: 32 You feel quick.
You now have 10/12 mp.
Duvessa rages.
Duvessa hits you with a short sword of protection.
You take 6 damage, and have 26/32 hp.
Duvessa rages.
There is a stone staircase leading down here.
Duvessa hits you with a short sword of protection!
You take 9 damage, and have 17/32 hp.
MASSIVE DAMAGE!!
Unknown command.
Duvessa rages.
You start to feel a little slower.
Things that are here:
a dagger; a robe You feel agile all of a sudden.
Duvessa hits you with a short sword of protection!
* * * LOW HITPOINT WARNING * * *
Duvessa hits you with a short sword of protection!
Ouch! That really hurt!
You die...

#.###...........
#........##.....
##....##########
#.##>..)......
#.##.#.#####.#
#.##.#.# #<#
#......# #.#
####.#####.#
#..e@...#
######..#
#######..#
#........#
#.#####.## #.#
#.# #.# ...


You could see Duvessa (berserk).

Vanquished Creatures
  Dowan (D:4)
  A centaur skeleton (D:4)
  A hound (D:2)
  A worker ant (D:3)
  A gnoll (D:1)
  5 adders
  An ooze (D:3)
  A worm (D:2)
  2 dart slugs (D:1)
  5 leopard geckos
  2 orcs (D:3)
  4 giant cockroaches
  6 goblins
  8 hobgoblins
  A quokka (D:4)
  8 bats
  3 frilled lizards
  7 kobolds
  A leopard gecko skeleton (D:4)
  13 rats
72 creatures vanquished.

Notes
Turn   | Place    | Note
-------+----------+-------------------------------------------
     0 | D:1      | mhoghedin the Tengu Air Elementalist began the quest for the Orb.
     0 | D:1      | Reached XP level 1. HP: 10/10 MP: 4/4
   153 | D:1      | Reached XP level 2. HP: 15/15 MP: 3/6
   211 | D:1      | Reached skill level 2 in Conjurations
   627 | D:1      | Reached XP level 3. HP: 19/19 MP: 3/7
  1118 | D:2      | Learned a level 2 spell: Swiftness
  1122 | D:2      | Learned a level 3 spell: Static Discharge
  1174 | D:1      | HP: 4/19 [poisoned by an adder]
  1649 | D:2      | Reached skill level 3 in Conjurations
  1649 | D:2      | Reached XP level 4. HP: 24/24 MP: 6/9
  1689 | D:2      | Reached skill level 5 in Air Magic
  1967 | D:2      | Reached skill level 3 in Spellcasting
  2194 | D:2      | Gained mutation: You can fly. [Tengu growth]
  2194 | D:2      | Reached XP level 5. HP: 28/28 MP: 6/10
  2204 | D:2      | Learned a level 4 spell: Airstrike
  2856 | D:3      | Reached skill level 4 in Conjurations
  3126 | D:4      | Noticed an ogre
  3431 | D:4      | Noticed Dowan
  3445 | D:4      | Killed Dowan
  3445 | D:4      | Reached skill level 6 in Air Magic
  3445 | D:4      | Reached XP level 6. HP: 13/32 MP: 5/12
  3662 | D:4      | Noticed Duvessa
  3678 | D:4      | Mangled by Duvessa

Vault maps used:
D:1:      shiori_arrival_maze
D:2:      patterned_corridor
D:3:      first_ration, minmay_misc_feat_x
D:4:      eat_drink_and_be_merry_uskayaw, nemelex_lonely_heart_becter,
          uniq_duvessa, uniq_robin

Skill      XL: |  1  2  3  4  5 |
---------------+----------------+-----
Conjurations   | 2 3 4 |  4.6
Air Magic      | 5 6 |  6.0
Spellcasting   | 3 |  3.7
Dodging        | |  2.1
Stealth        | |  2.0

Action                   |  1- 3 |  4- 6 || total
-------------------------+-------+-------++-------
Melee: Club              |     9 |     3 ||    12
       Kick              |     1 |     5 ||     6
       Peck              |     1 |     3 ||     4
       Mace              |       |    30 ||    30
 Cast: Shock             |    64 |    34 ||    98
       Swiftness         |     1 |     2 ||     3
       Airstrike         |       |     5 ||     5
       Static Discharge  |       |     3 ||     3
  Use: Scroll            |     5 |     1 ||     6
       Potion            |       |     1 ||     1
 Stab: Sleeping          |       |     4 ||     4
  Eat: Chunk             |     1 |     4 ||     5
       Ration            |     1 |     1 ||     2
Armor: Robe              |    22 |     8 ||    30
Dodge: Dodged            |    49 |    34 ||    83

Table legend:
 A = Spawn XP
 B = Non-spawn XP
 C = Spawn XP percentage of total XP
 D = Spawn monster count
 E = Non-spawn monster count
 F = Spawn count percentage of total count
 G = Total turns spent on level
                    A         B        C        D         E        F      G
               +---------+---------+-------+---------+---------+-------+---------
         Total |       0 |     384 |   0.0 |       0 |      72 |   0.0 |  3678
               +---------+---------+-------+---------+---------+-------+---------
           D:1 |       0 |      71 |   0.0 |       0 |      32 |   0.0 |  1422
           D:2 |       0 |     105 |   0.0 |       0 |      15 |   0.0 |   810
           D:3 |       0 |      94 |   0.0 |       0 |      21 |   0.0 |  1064
           D:4 |       0 |     114 |   0.0 |       0 |       4 |   0.0 |   382
               +---------+---------+-------+---------+---------+-------+---------

Vault maps used:
D:1:      shiori_arrival_maze
D:2:      patterned_corridor
D:3:      first_ration, minmay_misc_feat_x
D:4:      eat_drink_and_be_merry_uskayaw, nemelex_lonely_heart_becter,
          uniq_duvessa, uniq_robin

Table legend:
 A = Turns spent in this place as a percentage of turns spent in the entire game.
 B = Non-inter-level travel turns spent in this place as a percentage of non-inter-level travel turns spent in the entire game.
 C = Inter-level travel turns spent in this place as a percentage of turns spent in this place.
 D = Turns resting spent in this place as a percentage of non-inter-level travel turns spent in this place.
 E = Turns spent auto-exploring this place as a percentage of non-inter-level travel turns spent in this place.
 F = Non-inter-level travel turns spent in this place divided by the number of levels of this place that you've seen.
                   A       B       C       D       E      F
               +-------+-------+-------+-------+-------+----------------------
         Total | 100.0 | 100.0 |   4.8 |  42.8 |  37.4 | 875.2
       Dungeon | 100.0 | 100.0 |   4.8 |  42.8 |  37.4 | 875.2
               +-------+-------+-------+-------+-------+----------------------

Table legend:
 A = Kills in this place as a percentage of kills in entire the game.
 B = Kills by you in this place as a percentage of kills by you in the entire game.
 C = Kills by friends in this place as a percentage of kills by friends in the entire game.
 D = Other kills in this place as a percentage of other kills in the entire game.
 E = Experience gained in this place as a percentage of experience gained in the entire game.
 F = Experience gained in this place divided by the number of levels of this place that you have seen.
                   A       B       C       D       E      F
               +-------+-------+-------+-------+-------+----------------------
         Total | 100.0 | 100.0 |   N/A |   N/A | 100.0 |  96.0
       Dungeon | 100.0 | 100.0 |   N/A |   N/A | 100.0 |  96.0
               +-------+-------+-------+-------+-------+----------------------
